 Dungeon Crawl Stone Soup version 0.29.1-1-gd02db6906a (webtiles) character file.

Game seed: 14568865277664756778

130 fireball365 the Covered (level 4, -2/40 HPs)
             Began as a Minotaur Fighter on Oct 18, 2022.
             Was an Initiate of Makhleb.
             Slain by Natasha (9 damage)
             ... on level 3 of the Dungeon.
             The game lasted 00:07:25 (2075 turns).

fireball365 the Covered (Minotaur Fighter)          Turns: 2075, Time: 00:07:27

Health: -2/40      AC:  0    Str: 21    XL:     4   Next: 90%
Magic:  3/3        EV: 13    Int:  5    God:    Makhleb [......]
Gold:   47         SH:  0    Dex: 11    Spells: 3/3 levels left

rFire   . . .      SeeInvis .   (weapon currently unavailable)
rCold   . . .      Faith    .   (shield currently unavailable)
rNeg    . . .      Spirit   .   (body armour currently unavailable)
rPois   .          Reflect  .   (helmet currently unavailable)
rElec   .          Harm     .   (cloak currently unavailable)
rCorr   .          Rampage  .   (gloves currently unavailable)
Will    .....                   (boots currently unavailable)
Stlth   +.........              (no amulet)
HPRegen 0.13/turn               (ring currently unavailable)
MPRegen 0.08/turn               (ring currently unavailable)

@: pig-form (expiring), slowed
A: fast, no casting, small, (horns 2), (retaliatory headbutt)
a: Renounce Religion


You were on level 3 of the Dungeon.
You worshipped Makhleb.
Makhleb was noncommittal.
You were a filthy swine.
You visited 1 branch of the dungeon, and saw 3 of its levels.

You collected 102 gold pieces.
You spent 55 gold pieces at shops.

Inventory:

Hand Weapons
 a - a +0 war axe (melded)
Missiles
 l - 8 stones (quivered)
Armour
 b - a +0 scale mail (melded)
 c - a +0 buckler (melded)
Jewellery
 q - an amulet of faith
Scrolls
 g - 3 scrolls of identify {unknown}
 h - 2 scrolls of teleportation {unknown}
 j - 2 scrolls of poison {unknown}
 k - a scroll of fog {unknown}
 n - a scroll of immolation {unknown}
 r - a scroll of blinking {unknown}
Potions
 d - a potion of might
 e - 2 potions of heal wounds
 f - 2 potions of curing {unknown}
 i - a potion of magic {unknown}
 m - a potion of invisibility {unknown}
 o - a potion of brilliance {unknown}
 p - a potion of lignification {unknown}


   Skills:
 + Level 4.1 Fighting
 * Level 4.5 Axes
 + Level 4.6 Armour
 + Level 0.8 Dodging
 + Level 4.0 Shields


You had 3 spell levels left.
You didn't know any spells.
Your spell library contained the following spells:

 Spells                   Type           Power      Damage    Failure   Level
 Necrotise                Necr           0%         1d4       47%         1
 Vampiric Draining        Necr           0%         2d6       85%         3
 Anguish                  Hex/Necr       0%         N/A       99%         4
 Animate Dead             Necr           0%         N/A       99%         4


Dungeon Overview and Level Annotations

Branches:
Dungeon (3/15)

Altars:
Kikubaaqudgha
Makhleb

Shops:
D:2 !

Annotations:
D:3 Natasha


Innate Abilities, Weirdness & Mutations

You are a filthy swine.
You move quickly.
Your equipment is almost entirely melded.
You are incapable of wielding weapons or throwing items.
You cannot cast spells.
((You have a pair of horns on your head.))
((You reflexively headbutt those who attack you in melee.))


Message History

* * * LOW HITPOINT WARNING * * *
You feel much better.
Natasha mumbles some strange words.
Natasha glows brightly for a moment.
Natasha misses you. The hobgoblin barely misses you.
Natasha mumbles some strange words.
Natasha shimmers violently.
Natasha casts a spell at you. The magic dart hits you!
You barely miss Natasha.
Natasha is lightly wounded.
The hobgoblin hits you. Natasha closely misses you. The hobgoblin hits you.
You hit Natasha but do no damage.
Natasha is lightly wounded.
Your transformation is almost over.
Natasha closely misses you. The hobgoblin closely misses you.
Natasha closely misses you.
You closely miss Natasha.
Natasha is lightly wounded.
The hobgoblin barely misses you.
Natasha stares at you and mumbles some strange words.
You feel as though you will be slow longer.
The hobgoblin completely misses you. Natasha casts a spell at you.
You feel as though you will be slow longer.
The rat twitches its whiskers.
You barely miss the hobgoblin. Natasha closely misses you.
The hobgoblin closely misses you.
You closely miss the hobgoblin. Natasha barely misses you.
The hobgoblin closely misses you. Natasha closely misses you.
You closely miss the hobgoblin. The hobgoblin closely misses you.
Natasha barely misses you. The hobgoblin barely misses you.
You hit the hobgoblin.
The hobgoblin is heavily wounded.
Natasha claws you!
* * * LOW HITPOINT WARNING * * *
The hobgoblin hits you.
* * * LOW HITPOINT WARNING * * *
Natasha claws you!
You die...

.. #.. .## #.###
..##.#.. ..#.#.#
#.#.#.# #.#.#.#
#.####.h.#.# #
#.....rgh..##.###
######.#........#
.#......##.#.#
.....#...# #
##########.#<.).## #
#........#.#.....#.#
#.######.#.#..#....#
#.# #.#.#..#.#....#
#.# #.#.#..#.#....#


You could see Natasha, a hobgoblin and a rat.

Vanquished Creatures
  7 adders
  6 dart slugs
  2 ball pythons (D:1)
  2 bats (D:1)
  8 endoplasms
  2 giant cockroaches
  4 goblins
  7 hobgoblins
  4 jackals (D:2)
  4 kobolds (D:2)
  2 quokkas (D:2)
  A frilled lizard (D:1)
  4 rats
53 creatures vanquished.

Notes
Turn   | Place    | Note
-------+----------+-------------------------------------------
     0 | D:1      | fireball365 the Minotaur Fighter began the quest for the
                  | Orb.
     0 | D:1      | Reached XP level 1. HP: 19/19 MP: 0/0
   153 | D:1      | Reached XP level 2. HP: 16/27 MP: 1/1
   161 | D:1      | Found a faded altar of an unknown god.
   259 | D:1      | Prayed at the altar of an unknown god.
   259 | D:1      | Became a worshipper of Kikubaaqudgha
   259 | D:1      | Reached * piety under Kikubaaqudgha
   259 | D:1      | Received a gift from Kikubaaqudgha
   830 | D:1      | Reached XP level 3. HP: 33/33 MP: 2/2
  1228 | D:2      | Reached ** piety under Kikubaaqudgha
  1387 | D:2      | Found Ynaof's Distillery.
  1395 | D:2      | Bought a potion of heal wounds for 55 gold pieces
  1410 | D:2      | Reached XP level 4. HP: 31/40 MP: 3/3
  1445 | D:2      | Found a burning altar of Makhleb.
  1565 | D:2      | Fell from the grace of Kikubaaqudgha
  1565 | D:2      | Became a worshipper of Makhleb the Destroyer
  1751 | D:2      | You fall into a shaft and drop 1 floor!
  2056 | D:3      | Noticed Natasha
  2075 | D:3      | Slain by Natasha

Illustrated notes

Levels and vault maps discovered:
D:1:      beargit_arrival_greenhouse, layout_basic,
          shapermc_ecumenical_altar_totnotflames, minivault_27, st_stairs_13
D:2:      layout_basic, serial_shops, shop, basic_altar, grunt_ministairs_10
D:3:      layout_basic, xom_confusion_cloud, minmay_misc_feat_hallway,
          kennysheep_generic_room_2, uniq_natasha

Skill      XL: |  1  2  3  4 |
---------------+-------------+-----
Armour         | 4 |  4.6
Shields        | 4 |  4.0
Axes           | 3 4 |  4.5
Fighting       | 4 |  4.1
Dodging        | |  0.8

Action                   |  1- 3 |  4- 6 || total
-------------------------+-------+-------++-------
Melee: War axe           |    70 |    33 ||   103
       Headbutt          |     8 |     4 ||    12
       Unarmed           |       |    12 ||    12
  Use: Potion            |       |     1 ||     1
Armor: Scale mail        |    53 |    21 ||    74
Dodge: Dodged            |    49 |    41 ||    90
Block: Buckler           |    24 |    14 ||    38
